 Dungeon Crawl Stone Soup version 0.28-a0-43-g560ac104fe (webtiles) character file.

Game seed: 16986127386381820858

1677 Conn the Firebug (level 9, -3/54 HPs)
             Began as an Octopode Fire Elementalist on July 28, 2021.
             Was a Follower of Sif Muna.
             Slain by a boulder beetle (23 damage)
             ... on level 6 of the Dungeon.
             The game lasted 00:14:55 (6561 turns).

Conn the Firebug (Octopode Fire Elementalist)       Turns: 6561, Time: 00:14:55

Health: -3/54      AC:  1    Str: 20    XL:     9   Next: 1%
Magic:  11/17      EV: 13    Int: 20    God:    Sif Muna [*.....]
Gold:   314        SH:  5    Dex: 12    Spells: 3/19 levels left

rFire   . . .      SeeInvis .   u - +5 great sword
rCold   . . .      Faith    .   (shield currently unavailable)
rNeg    + . .      Spirit   .   (helmet restricted)
rPois   .          Reflect  +   x - amulet of reflection
rElec   .          Harm     .   f - ring of positive energy
rCorr   .          Rampage  .   k - +6 ring of strength
Will    .....                   t - +6 ring of strength
Stlth   ++++......              (no ring)
HPRegen 0.18/turn               (no ring)
MPRegen 0.15/turn               (no ring)
                                (no ring)
                                (no ring)

@: no status effects
A: almost no armour, amphibious, 8 rings, camouflage 1, gelatinous body 1,
(nimble swimmer 1), tentacles
a: Renounce Religion, Channel Magic


You were on level 6 of the Dungeon.
You worshipped Sif Muna.
Sif Muna was aware of your devotion.
You visited 1 branch of the dungeon, and saw 6 of its levels.

You collected 314 gold pieces.

Inventory:

Hand Weapons
 u - a +5 great sword (weapon)
Missiles
 e - a throwing net
Jewellery
 f - a ring of positive energy (left tentacle)
 k - a +6 ring of strength (right tentacle)
 q - an amulet of regeneration
 t - a +6 ring of strength (on tentacle)
 v - a ring of ice
 x - an amulet of reflection (around mantle)
Wands
 n - a wand of mindburst (19)
Scrolls
 a - 2 scrolls of teleportation
 b - 2 scrolls of enchant weapon
 d - 2 scrolls of blinking {unknown}
 g - 4 scrolls of identify
 h - 4 scrolls of immolation
 i - a scroll of vulnerability {unknown}
 l - a scroll of magic mapping {unknown}
 p - a scroll of amnesia {unknown}
 s - a scroll of brand weapon {unknown}
Potions
 c - a potion of curing
 j - a potion of might {unknown}
 m - a potion of mutation {unknown}
 o - a potion of attraction {unknown}
 r - a potion of lignification {unknown}
 w - a potion of ambrosia {unknown}


   Skills:
 + Level 1.8 Fighting
 + Level 0.7 Long Blades
 + Level 3.0 Dodging
 + Level 4.5 Stealth
 + Level 1.6 Unarmed Combat
 + Level 5.6 Spellcasting
 * Level 5.5 Conjurations
 + Level 0.5 Hexes
 * Level 6.6 Fire Magic


You had 3 spell levels left.
You knew the following spells:

 Your Spells              Type           Power      Damage    Failure   Level
a - Foxfire               Conj/Fire      100%       2x1d9     1%          1
b - Conjure Flame         Conj/Fire      30%        6-21      2%          3
c - Inner Flame           Hex/Fire       20%        N/A       8%          3
d - Sticky Flame          Conj/Fire      30%        2d5       9%          4
e - Fireball              Conj/Fire      15%        3d8       24%         5

Your spell library contained the following spells:

 Spells                   Type           Power      Damage    Failure   Level
 Static Discharge         Conj/Air       16%        N/A       5%          2
 Mephitic Cloud           Conj/Pois/Air  13%        N/A       16%         3
 Freezing Cloud           Conj/Ice/Air   6%         6-21      80%         5
 Orb of Destruction       Conj           13%        9d6       100%        7


Dungeon Overview and Level Annotations

Branches:
Dungeon (6/15)             Temple (0/1) D:6

Altars:
Elyvilon
Fedhas
Sif Muna
Trog
Uskayaw
Xom
Yredelemnul

Annotations:
D:6 Blork the orc


Innate Abilities, Weirdness & Mutations

You cannot wear most types of armour.
You are amphibious.
You can wear up to eight rings at the same time.
Your skin changes colour to match your surroundings (Stealth+).
Your rubbery body absorbs attacks. (AC +1, EV +1)
((You are camouflaged near water. (Stealth+)))
You have tentacles for arms and can constrict up to eight enemies at once.


Message History

You conjure some foxfire!
The foxfire hits the boulder beetle but does no damage.
Casting: Foxfire (safe; 1% risk of failure)
Confirm with . or Enter, or press ? or * to list all spells.
You conjure some foxfire!
The foxfire hits the boulder beetle.
Flame seeps out of the boulder beetle.
The boulder beetle is lightly wounded.
The boulder beetle curls into a ball and begins rolling!
The boulder beetle is engulfed in blazing flames.
Flame seeps out of the boulder beetle.
The foxfire hits the boulder beetle but does no damage.
The boulder beetle is lightly wounded.
The foxfire hits the boulder beetle but does no damage.
The boulder beetle is lightly wounded.
Casting: Foxfire (safe; 1% risk of failure)
Confirm with . or Enter, or press ? or * to list all spells.
Okay, then.
Okay, then.
As you read the scroll labelled XAPSIQ EZALEME, it crumbles to dust.
It is a scroll of enchant weapon.
Your +4 great sword glows red for a moment.
The boulder beetle hits you!!!
Ouch! That really hurt!
The boulder beetle stops rolling and uncurls.
Casting: Foxfire (safe; 1% risk of failure)
Confirm with . or Enter, or press ? or * to list all spells.
Aiming: Sticky Flame (dangerous; 9% risk of failure)
Press: ? - help, Shift-Dir - straight line, f/p - boulder beetle
Aim: a boulder beetle (lightly wounded, inner flame, 100% to hit)
The sticky flame hits the boulder beetle but does no damage.
The boulder beetle is lightly wounded.
The boulder beetle is covered in liquid flames!
The boulder beetle burns!
Flame seeps out of the boulder beetle.
The boulder beetle burns!
Flame seeps out of the boulder beetle.
The boulder beetle is engulfed in blazing flames.
Flame seeps out of the boulder beetle.
The boulder beetle burns!
Flame seeps out of the boulder beetle.
The boulder beetle burns!
Flame seeps out of the boulder beetle.
The boulder beetle bites you!!
You die...

....#....##..# ....
#...#.......####.....
.............#.#.....
..........B..........
.........###..........
./.......○###..........
.....?....○##..........
..........B#............
..####.#...@............ ... .###
###................ #.##...
.............)...... ......
..........)..).....# ## .....
....................# ..#
#...##.................##.##..#
#...(.###.#.........).###.....#
##.....##..#....#.##)...##.....#
#.........###.#.##.......#)###...


You could see a boulder beetle (inner flame, burning).

Vanquished Creatures
  Prince Ribbit (D:6)
  An ice beast (D:6)
  A sky beast (D:6)
  A kobold brigand (D:6)
  3 scorpions
  4 water moccasin skeletons
  3 wights (D:5)
  3 hounds
  A centaur zombie (D:6)
  2 jellies
  A gnoll shaman (D:5)
  3 orc priests (D:6)
  3 iguanas
  3 orc wizards (D:6)
  Natasha (thrice) (D:4)
  6 gnolls (D:5)
  7 adders
  2 worms (D:2)
  A dart slug (D:4)
  16 orcs
  4 ball pythons
  2 bats (D:2)
  7 endoplasms
  3 giant cockroaches
  7 goblins
  10 hobgoblins
  2 jackals (D:1)
  6 kobolds
  3 quokkas
  2 frilled lizards
  5 rats
116 creatures vanquished.

Vanquished Creatures (others)
  A quokka (D:5)
  439 foxfires
  6 fungi (D:4)
  4 plants (D:4)
450 creatures vanquished.

Grand Total: 566 creatures vanquished

Notes
Turn   | Place    | Note
-------+----------+-------------------------------------------
     0 | D:1      | Conn the Octopode Fire Elementalist began the quest for the
                  | Orb.
     0 | D:1      | Reached XP level 1. HP: 11/11 MP: 3/3
   214 | D:1      | Reached XP level 2. HP: 14/17 MP: 0/5
  1068 | D:2      | Found a basalt altar of Yredelemnul.
  1403 | D:2      | Reached XP level 3. HP: 21/21 MP: 3/6
  1546 | D:2      | Reached XP level 4. HP: 19/27 MP: 0/8
  1664 | D:2      | Reached skill level 4 in Fire Magic
  1911 | D:2      | Reached XP level 5. HP: 31/31 MP: 5/9
  2607 | D:3      | Learned a level 3 spell: Conjure Flame
  2611 | D:3      | Learned a level 3 spell: Inner Flame
  3352 | D:4      | Noticed Natasha
  3360 | D:4      | Killed Natasha
  3464 | D:4      | Reached skill level 1 in Unarmed Combat
  3464 | D:4      | Reached XP level 6. HP: 25/37 MP: 2/11
  3512 | D:4      | Noticed Natasha
  3520 | D:4      | Killed Natasha
  3671 | D:4      | Noticed Natasha
  3678 | D:4      | Killed Natasha
  3748 | D:4      | Found a blossoming altar of Fedhas.
  3803 | D:4      | Found a bloodstained altar of Trog.
  3913 | D:4      | Learned a level 4 spell: Sticky Flame
  4491 | D:4      | Reached skill level 1 in Fighting
  4491 | D:4      | Reached XP level 7. HP: 29/43 MP: 7/12
  4768 | D:5      | Entered Level 5 of the Dungeon
  4794 | D:5      | Reached skill level 5 in Fire Magic
  5097 | D:5      | Found a shimmering altar of Xom.
  5139 | D:5      | Found a shimmering blue altar of Sif Muna.
  5142 | D:5      | Became a worshipper of Sif Muna the Loreminder
  5230 | D:5      | Found a white marble altar of Elyvilon.
  5492 | D:5      | Reached XP level 8. HP: 48/48 MP: 9/14
  5728 | D:6      | Got the Grimoire of Battle Magic
  5735 | D:6      | Learned a level 5 spell: Fireball
  5995 | D:6      | Noticed a boulder beetle
  6091 | D:6      | Reached skill level 5 in Spellcasting
  6091 | D:6      | Reached skill level 6 in Fire Magic
  6198 | D:6      | Reached skill level 5 in Conjurations
  6236 | D:6      | Noticed a +0 hand axe
  6237 | D:6      | Found a hide-covered altar of Uskayaw.
  6237 | D:6      | Noticed a +0 hand axe
  6250 | D:6      | Found a staircase to the Ecumenical Temple.
  6275 | D:6      | Noticed Prince Ribbit
  6277 | D:6      | Noticed Blork the orc
  6280 | D:6      | Killed Prince Ribbit
  6430 | D:6      | Reached * piety under Sif Muna
  6439 | D:6      | Reached XP level 9. HP: 51/54 MP: 8/17
  6561 | D:6      | Slain by a boulder beetle

Illustrated notes

Levels and vault maps discovered:
D:1:      dpeg_arrival_short_road, layout_basic, minmay_3d_cube
D:2:      layout_basic, basic_altar, minmay_octomino_j4
D:3:      layout_basic, item_on_display_a
D:4:      layout_loops_ring, fedhas_altar_3, trog_book, uniq_natasha
D:5:      layout_cave_pools, mainiacjoe_overflow_surrounded_room,
          elyvilon_altar_4, lemuel_blue_sif_altar, kennysheep_nub
D:6:      layout_cave_pools, nicolae_ru_path_of_blood, dancing_weapons_uskayaw,
          minmay_temple_entry_junction, uniq_prince_ribbit1, uniq_blork_the_orc

Skill      XL: |  1  2  3  4  5  6  7  8 |
---------------+-------------------------+-----
Stealth        | 3 4 |  4.5
Spellcasting   | 3 4 5 |  5.6
Conjurations   | 2 3 4 5 |  5.5
Fire Magic     | 4 5 6 |  6.6
Unarmed Combat | 1 |  1.6
Fighting       | 1 |  1.8
Dodging        | 3 |  3.0
Long Blades    | |  0.7
Hexes          | |  0.5

Action                   |  1- 3 |  4- 6 |  7- 9 || total
-------------------------+-------+-------+-------++-------
Melee: Unarmed           |    13 |    22 |       ||    35
       Constrict         |     3 |     5 |     3 ||    11
       Tentacles         |     2 |     2 |     2 ||     6
       Great sword       |       |       |     6 ||     6
 Cast: Foxfire           |    48 |   102 |    99 ||   249
       Conjure Flame     |       |     1 |     4 ||     5
       Inner Flame       |       |       |     7 ||     7
       Sticky Flame      |       |       |     5 ||     5
Evoke: Wand              |       |       |     2 ||     2
  Use: Scroll            |     1 |       |     4 ||     5
       Potion            |       |       |     1 ||     1
 Stab: Sleeping          |       |     4 |       ||     4
Armor: Skin              |       |     4 |     4 ||     8
Dodge: Dodged            |    14 |    42 |    30 ||    86
Block: Other             |       |       |     2 ||     2
       Rpst.: Great sword |       |       |     7 ||     7

Table legend: (Time is in decaauts)
 A = Elapsed time spent in this place.
 B = Non-inter-level travel time spent in this place.
 C = Inter-level travel time spent in this place.
 D = Time resting spent in this place.
 E = Time spent auto-exploring this place.
 F = Levels seen in this place.
 G = Mean time per level.
                   A        B        C        D        E       F      G
               +--------+--------+--------+--------+--------+-----+--------+
         Total |   6563 |   6419 |    144 |    398 |   4511 |   6 | 1093.8 |
       Dungeon |   6563 |   6419 |    144 |    398 |   4511 |   6 | 1093.8 |
               +--------+--------+--------+--------+--------+-----+--------+

Top non-repeatable levels by time:
     D:4: 1548 daAuts
     D:2: 1510 daAuts
     D:3: 915 daAuts
     D:1: 902 daAuts
     D:5: 858 daAuts
     D:6: 827 daAuts
